 Dungeon Crawl Stone Soup version 0.28-a0-535-g6f645e4c1d (webtiles) character file.

Game seed: 4367558275881849182

28 Rennog the Skirmisher (level 3, -1/30 HPs)
             Began as a Merfolk Fighter on Sept 26, 2021.
             Slain by Crazy Yiuf (13 damage)
             ... on level 2 of the Dungeon.
             The game lasted 00:01:53 (1459 turns).

Rennog the Skirmisher (Merfolk Fighter)             Turns: 1459, Time: 00:01:54

Health: -1/30      AC:  9    Str: 17    XL:     3   Next: 12%
Magic:  3/3        EV: 14    Int:  7    God:
Gold:   99         SH:  4    Dex: 13    Spells: 2/2 levels left

rFire   . . .      SeeInvis .   a - +0 trident
rCold   . . .      Faith    .   c - +0 buckler
rNeg    . . .      Spirit   .   b - +0 scale mail
rPois   .          Reflect  .   (no helmet)
rElec   .          Harm     .   j - +2 cloak
rCorr   .          Rampage  .   (no gloves)
Will    .....                   (no boots)
Stlth   ..........              (no amulet)
HPRegen 0.10/turn               (no ring)
MPRegen 0.08/turn               (no ring)

@: agile
A: (nimble swimmer 2), mertail
a: no special abilities


You were on level 2 of the Dungeon.
You visited 1 branch of the dungeon, and saw 2 of its levels.

You collected 99 gold pieces.

Inventory:

Hand Weapons
 a - a +0 trident (weapon)
Missiles
 l - a throwing net (quivered)
Armour
 b - a +0 scale mail (worn)
 c - a +0 buckler (worn)
 j - a +2 cloak (worn)
Scrolls
 e - a scroll of fog {unknown}
 f - 2 scrolls of magic mapping {unknown}
 i - a scroll of enchant armour {unknown}
 k - a scroll of torment {unknown}
 n - 2 scrolls of identify {unknown}
Potions
 d - 2 potions of might
 g - a potion of lignification {unknown}
 h - 2 potions of curing
 m - a potion of heal wounds {unknown}


   Skills:
 * Level 4.2 Fighting
 - Level 3.0 Polearms
 - Level 2.2 Armour
 + Level 1.7 Dodging
 - Level 3.0 Shields


You had 2 spell levels left.
You didn't know any spells.
Your spell library was empty.

Dungeon Overview and Level Annotations

Branches:
Dungeon (2/15)

Altars:

Annotations:
D:2 Crazy Yiuf


Innate Abilities, Weirdness & Mutations

((You are quick and stealthy near water. (Stealth+, EV+, Speed+++)))
Your lower body shifts to a powerful aquatic tail in water.


Message History

Crazy Yiuf hits you but does no damage.
You hit Crazy Yiuf.
Crazy Yiuf is heavily wounded.
Crazy Yiuf hits you with a +2 quarterstaff of chaos!
You are poisoned.
You hit Crazy Yiuf but do no damage.
Crazy Yiuf is heavily wounded.
You feel very sick.
Crazy Yiuf drinks a potion.
Crazy Yiuf seems to grow stronger.
You hit Crazy Yiuf but do no damage.
Crazy Yiuf is heavily wounded.
You feel very sick. Crazy Yiuf completely misses you.
You are too injured to fight recklessly!
You are too injured to fight recklessly!
You are too injured to fight recklessly!
You are too injured to fight recklessly!
You are too injured to fight recklessly!
You are too injured to fight recklessly!
You are too injured to fight recklessly!
You are too injured to fight recklessly!
You are too injured to fight recklessly!
You are too injured to fight recklessly!
You are too injured to fight recklessly!
You are too injured to fight recklessly!
You are too injured to fight recklessly!
You are too injured to fight recklessly!
You are too injured to fight recklessly!
You hit Crazy Yiuf.
Crazy Yiuf is almost dead.
You feel sick.
Crazy Yiuf hits you with a +2 quarterstaff of chaos.
* * * LOW HITPOINT WARNING * * *
Crazy Yiuf freezes you.
* * * LOW HITPOINT WARNING * * *
It was a potion of curing.
You feel better. You block Crazy Yiuf's attack.
You closely miss Crazy Yiuf.
Crazy Yiuf is almost dead.
Crazy Yiuf hits you with a +2 quarterstaff of chaos!
You die...

.##.....#...#.#.#.#
##...
.##...÷....##.#.#.#
######....
.........####.#>#.#
#......... .##....#.#
####### ######....
.#.#.###.# ##...
..###.##.# ##.# .##
##...# ###
♣♣########.#
..###.##.# #)..#♣♣
♣♣....##.....
.....###.#
#...g@♣♣♣♣......#.##.#
.##.## #.#
#...#♣..♣.......#.....
..#.####.# ###
♣♣♣.♣............
#....##..#
♣♣♣♣♣###.#.####
..÷......# #.#.####
#....###.## #####
#.#..... #.#### #..#
#.#.# #....... #.#
#..# #.#.# ##..####
#.# #..# #.#.# #÷## #


You could see Crazy Yiuf (strong).

Vanquished Creatures
  2 dart slugs
  3 endoplasms (D:1)
  5 hobgoblins
  2 quokkas
  2 ball pythons
  A bat (D:2)
  3 frilled lizards
  2 goblins
  2 rats (D:1)
22 creatures vanquished.

Notes
Turn   | Place    | Note
-------+----------+-------------------------------------------
     0 | D:1      | Rennog the Merfolk Fighter began the quest for the Orb.
     0 | D:1      | Reached XP level 1. HP: 18/18 MP: 1/1
   285 | D:1      | Reached skill level 1 in Dodging
   285 | D:1      | Reached XP level 2. HP: 25/25 MP: 2/2
  1004 | D:2      | Reached skill level 4 in Fighting
  1036 | D:2      | Reached XP level 3. HP: 30/30 MP: 3/3
  1447 | D:2      | Found a runed translucent door.
  1448 | D:2      | Noticed Crazy Yiuf
  1459 | D:2      | Slain by Crazy Yiuf

Illustrated notes

Levels and vault maps discovered:
D:1:      dpeg_arrival_renting, layout_basic
D:2:      layout_loops_ring, uniq_crazy_yiuf_cottage

Skill      XL: |  1  2 |
---------------+-------+-----
Dodging        | 1 |  1.7
Fighting       | 4 |  4.2
Polearms       | |  3.0
Armour         | |  2.2
Shields        | |  3.0

Action                   || total
-------------------------++-------
Melee: Trident           ||    71
  Use: Potion            ||     1
Armor: Scale mail        ||    16
Dodge: Dodged            ||    20
Block: Buckler           ||    11

Table legend: (Time is in decaauts)
 A = Elapsed time spent in this place.
 B = Non-inter-level travel time spent in this place.
 C = Inter-level travel time spent in this place.
 D = Time resting spent in this place.
 E = Time spent auto-exploring this place.
 F = Levels seen in this place.
 G = Mean time per level.
                   A        B        C        D        E       F      G
               +--------+--------+--------+--------+--------+-----+--------+
         Total |   1471 |   1463 |      8 |      0 |   1298 |   2 |  735.5 |
       Dungeon |   1471 |   1463 |      8 |      0 |   1298 |   2 |  735.5 |
               +--------+--------+--------+--------+--------+-----+--------+

Top non-repeatable levels by time:
     D:1: 836 daAuts
     D:2: 634 daAuts
